 Dungeon Crawl Stone Soup version 0.18.1-5-g4a78601 (webtiles) character file.

679 varam the Destroyer (level 7, -4/36 HPs)
             Began as a Deep Elf Conjurer on May 9, 2016.
             Was a Follower of Vehumet.
             Shot with an arrow by a centaur (6 damage)
             ... on level 5 of the Dungeon.
             The game lasted 00:20:05 (5427 turns).

varam the Destroyer (Deep Elf Conjurer)             Turns: 5427, Time: 00:20:06

Health: -4/36      AC: 10    Str:  6    XL:     7   Next: 34%
Magic:  1/14       EV: 13    Int: 21    God:    Vehumet [*.....]
Gold:   252        SH:  0    Dex: 15    Spells: 4 memorised, 0 levels left

rFire  . . .     SeeInvis .     r - +3 dagger (protect)
rCold  . . .     Gourm    .     a - +0 robe
rNeg   . . .     Faith    +     (no shield)
rPois  .         Spirit   .     (no helmet)
rElec  .         Dismiss  .     g - +2 cloak {+Inv}
rCorr  .         Reflect  .     (no gloves)
SustAt .         Harm     .     (no boots)
MR     .....                    e - amulet of faith
Stlth  ++........               (no ring)
                                (no ring)

@: very slightly contaminated, not resistant to hostile enchantments, unstealthy
A: no striking features
a: Renounce Religion, Evoke Invisibility


You were on level 5 of the Dungeon.
You worshipped Vehumet.
Vehumet was aware of your devotion.
You were near starving.

You visited 1 branch of the dungeon, and saw 5 of its levels.

You collected 252 gold pieces.

Inventory:

Hand Weapons
 r - a +3 dagger of protection (weapon)
Armour
 a - a +0 robe (worn)
 g - a +2 cloak of invisibility (worn)
 x - a +0 buckler
Jewellery
 e - an amulet of faith (around neck)
Scrolls
 d - a scroll of identify
 f - 2 scrolls of remove curse
 h - 2 scrolls of teleportation
 i - a scroll of enchant weapon {unknown}
 k - a scroll of recharging {unknown}
 m - a scroll of blinking {unknown}
 p - 2 scrolls of random uselessness
 u - 2 scrolls of enchant armour
 y - a scroll of noise {unknown}
Potions
 l - a potion of resistance {unknown}
 n - a potion of brilliance {unknown}
 q - 2 potions of haste {unknown}
 s - a potion of invisibility {unknown}
 t - 2 potions of lignification {unknown}
 w - 3 potions of cancellation {unknown}
Books
 b - a book of Conjurations

   Spells                             Type                      Level
   a - Magic Dart                     Conjuration                  1
   b - Searing Ray                    Conjuration                  2
   c - Dazzling Spray                 Conjuration/Hexes            3
   d - Fulminant Prism                Conjuration/Hexes            4
   e - Iskenderun's Mystic Blast      Conjuration                  4
   f - Iskenderun's Battlesphere      Conjuration/Charms           5
Comestibles
 c - 6 bread rations


   Skills:
 - Level 2.4 Dodging
 - Level 3.0 Stealth
 - Level 3.4 Spellcasting
 + Level 8.2 Conjurations
 + Level 6.4 Charms


You couldn't memorise any spells.
You knew the following spells:

 Your Spells              Type           Power        Failure   Level  Hunger
a - Magic Dart            Conj           ####         1%          1    None
b - Iskenderun's Battles  Conj/Chrm      ####....     21%         5    ######.
c - Searing Ray           Conj           #####.       1%          2    ##.....
d - Iskenderun's Mystic   Conj           #####...     4%          4    ####...


Dungeon Overview and Level Annotations

Branches:
Dungeon (5/15)
 Temple: D:4-7

Altars:
Elyvilon
Nemelex Xobeh
Qazlal
Vehumet

Shops:
D:4 (


Message History

The magic dart hits the centaur.
The centaur is lightly wounded.
Your battlesphere fires!
The barrage of energy hits the centaur.
The centaur is severely wounded.
The centaur shoots an arrow.
The arrow hits you but does no damage.
Casting: Magic Dart
Confirm with . or Enter, or press ? or * to list all spells.
You don't have enough magic to cast that spell.
Unknown command.
Eat which item? (? for menu, Esc to quit)
Okay, then.
The centaur shoots an arrow.
The arrow hits your battlesphere!
Casting: Magic Dart
Confirm with . or Enter, or press ? or * to list all spells.
You don't have enough magic to cast that spell.
The centaur shoots an arrow.
The arrow hits your battlesphere!
Your battlesphere is destroyed!
The centaur shoots an arrow.
The arrow hits you.
You die...

#### #.# ... #.#
##.##†# ##...#.#######
#..#.........#
#....#.#####.#
#.#[##.# #.# #
#.##.#####.##
#.##.@.§(...#
#.########c.# # #.##
#..# #.#..#######(.#
#......c......#
####c########.#
###########.## .#
.............#######.#
###########..........#


You could see a centaur.

Vanquished Creatures
  A phantom (D:2)
  An ogre (D:4)
  2 scorpions
  A crimson imp (D:5)
  A centaur zombie (D:4)
  2 orc wizards (D:5)
  Crazy Yiuf (D:4)
  2 centaur skeletons (D:4)
  Terence (D:3)
  2 worker ants
  A hound zombie (D:3)
  5 adders
  An adder skeleton (D:4)
  3 worms
  A dart slug (D:1)
  3 giant geckos
  9 orcs
  4 giant cockroaches
  8 goblins
  11 hobgoblins
  4 kobolds
  A quokka (D:5)
  7 bats
  5 giant newts
  6 rats
83 creatures vanquished.

Vanquished Creatures (others)
  A fungus (D:4)
1 creature vanquished.

Grand Total: 84 creatures vanquished

Notes
Turn   | Place    | Note
--------------------------------------------------------------
     0 | D:1      | varam the Deep Elf Conjurer began the quest for the Orb.
     0 | D:1      | Reached XP level 1. HP: 10/10 MP: 6/6
   573 | D:1      | Reached XP level 2. HP: 15/15 MP: 0/8
  1026 | D:1      | Reached skill level 5 in Conjurations
  1348 | D:1      | Reached XP level 3. HP: 19/19 MP: 6/9
  1969 | D:2      | Found a radiant altar of Vehumet.
  1985 | D:2      | Became a worshipper of Vehumet
  2304 | D:2      | Reached XP level 4. HP: 24/24 MP: 8/11
  2448 | D:4      | Reached skill level 6 in Conjurations
  2500 | D:4      | Reached XP level 5. HP: 23/28 MP: 3/12
  2520 | D:3      | Learned a level 5 spell: Iskenderun's Battlesphere
  2598 | D:3      | Learned a level 2 spell: Searing Ray
  2805 | D:3      | Found a white marble altar of Elyvilon.
  2822 | D:3      | Reached skill level 1 in Charms
  3693 | D:3      | Noticed a phantom
  3930 | D:3      | Reached skill level 7 in Conjurations
  4006 | D:3      | Noticed Terence
  4330 | D:4      | Found a sparkling altar of Nemelex Xobeh.
  4353 | D:4      | Noticed an ogre
  4363 | D:4      | Killed an ogre
  4363 | D:4      | Reached XP level 6. HP: 32/32 MP: 4/13
  4444 | D:4      | Reached * piety under Vehumet
  4444 | D:4      | Offered knowledge of Sandblast by Vehumet.
  4461 | D:4      | Found a stormy altar of Qazlal.
  4672 | D:4      | Found Lidwijisk's Antique Weapon Shop.
  4692 | D:4      | Noticed Crazy Yiuf
  4694 | D:4      | Killed Crazy Yiuf
  4694 | D:4      | Reached skill level 5 in Charms
  4752 | D:4      | Found a stormy altar of Qazlal.
  4825 | D:3      | Killed Terence
  4900 | D:2      | Reached XP level 7. HP: 36/36 MP: 4/14
  4936 | D:5      | Entered Level 5 of the Dungeon
  4950 | D:5      | Reached skill level 8 in Conjurations
  5231 | D:5      | Learned a level 4 spell: Iskenderun's Mystic Blast
  5418 | D:5      | HP: 1/36 [centaur/arrow (14)]
  5427 | D:5      | Shot with an arrow by a centaur

Skill      XL: |  1  2  3  4  5  6  7 |
---------------+----------------------+-----
Stealth        | 3 |  3.0
Conjurations   | 5 6 7 8 |  8.2
Charms         | 4 5 6 |  6.4
Dodging        | |  2.4
Spellcasting   | |  3.4

Action                   |  1- 3 |  4- 6 |  7- 9 || total
-------------------------+-------+-------+-------++-------
 Cast: Magic Dart        |    82 |    69 |    17 ||   168
       Searing Ray       |       |    36 |     2 ||    38
       Iskenderun's Batt |       |     6 |     3 ||     9
       Iskenderun's Myst |       |       |     1 ||     1
  Use: Scroll            |       |       |     4 ||     4
  Eat: Chunk             |     4 |     5 |     1 ||    10
       Pizza             |       |     1 |       ||     1
       Meat ration       |       |     1 |       ||     1
Armor: Robe              |       |     8 |     4 ||    12
Dodge: Dodged            |     5 |     9 |     6 ||    20
